 Dungeon Crawl Stone Soup version 0.25-a0-843-g6944ee31a2 (webtiles) character file.

Game seed: 13742755083232355025, levelgen mode: deterministic

40462 tilp the Quickloader (level 14, -18/88 HPs)
             Began as a Kobold Arcane Marksman on Apr 25, 2020.
             Was the Champion of Okawaru.
             Demolished by a polar bear (24 damage)
             ... on level 4 of the Lair of Beasts.
             The game lasted 00:57:37 (27833 turns).

tilp the Quickloader (Kobold Arcane Marksman)      Turns: 27833, Time: 00:57:37

Health: -18/88     AC: 10    Str: 10    XL:     14   Next: 44%
Magic:  22/22      EV: 21    Int: 16    God:    Okawaru [******]
Gold:   817        SH:  4    Dex: 18    Spells: 11/21 levels left

rFire    + + .     SeeInvis .   b - +2 morningstar (flame)
rCold    . . .     Gourm    .   (shield restricted)
rNeg     . . .     Faith    .   s - +1 robe of the Cities {rElec rF++}
rPois    +         Spirit   .   v - +1 helmet
rElec    +         Reflect  +   K - +0 cloak
rCorr    +         Harm     .   C - +2 pair of gloves
MR       ++...                  (no boots)
Stlth    ++++......             t - +4 amulet of reflection
HPRegen  0.24/turn              X - ring of resist corrosion
MPRegen  0.18/turn              R - ring "Gurudify" {*Corrode rPois MR+ Dex+2 Stlth+}

@: no status effects
A: small, carnivore
a: Heroism, Finesse, Renounce Religion


You were on level 4 of the Lair of Beasts.
You worshipped Okawaru.
Okawaru was exalted by your worship.
You were very full.

You visited 3 branches of the dungeon, and saw 16 of its levels.
You visited 1 bazaar.
You also visited: Ice Cave.

You collected 1378 gold pieces.
You spent 561 gold pieces at shops.

Inventory:

Hand Weapons
 a - a +4 arbalest of freezing
 b - a +2 morningstar of flaming (weapon)
 f - the +2 triple crossbow of Padan {elec, rF++ Str-4}
   (You acquired it on level 2 of the Lair of Beasts)

   It charges the ammunition it shoots with electricity; occasionally upon a
   hit, such missiles may discharge and cause terrible harm.
   It affects your strength (-4).
   It greatly protects you from fire.
 S - the +8 long sword of Exoneration {vorpal, rF+ Int+3, unknown}
   (You found it in an ice cave)

   It inflicts extra damage upon your enemies.
   It affects your intelligence (+3).
   It protects you from fire.
Missiles
 q - 26 poisoned darts (quivered)
 E - 10 boomerangs
 L - 237 bolts
 M - 7 datura-tipped darts
Armour
 k - a +2 robe of magic resistance
 s - the +1 robe of the Cities (worn) {rElec rF++}
   (You found it on level 4 of the Dungeon)

   It greatly protects you from fire.
   It insulates you from electricity.
 v - a +1 helmet (worn)
 w - the +2 robe of the Seventy-Seven Mice {+Fly rF- rC++ Int+3}
   (You found it on level 9 of the Dungeon)

   It affects your intelligence (+3).
   It makes you vulnerable to fire.
   It greatly protects you from cold.
   It lets you fly.
 C - a +2 pair of gloves (worn)
 D - +0 steam dragon scales
 K - a +0 cloak (worn)
 N - a +1 leather armour of fire resistance
Magical Staves
 A - an uncursed staff of wizardry {unknown}
 U - an uncursed staff of air {unknown}
Jewellery
 t - a +4 amulet of reflection (around neck)
 O - an uncursed ring of protection from cold
 R - the ring "Gurudify" (right hand) {*Corrode rPois MR+ Dex+2 Stlth+}
   (You found it in an ice cave)

   [ring of stealth]

   It affects your dexterity (+2).
   It protects you from poison.
   It affects your resistance to hostile enchantments.
   It may corrode you when you take damage.
   It makes you more stealthy.
 T - an uncursed ring of stealth
 X - a ring of resist corrosion (left hand)
Wands
 h - a wand of disintegration (40)
 j - a wand of flame (8)
 P - a wand of acid (17)
 Z - a wand of clouds (7)
Scrolls
 g - a scroll of fear
 i - 11 scrolls of remove curse
 m - 6 scrolls of teleportation
 o - a scroll of magic mapping
 u - a scroll of amnesia
Potions
 e - 3 potions of flight
 l - a potion of stabbing {unknown}
 n - a potion of resistance
 p - 4 potions of curing
 x - 2 potions of mutation
 F - a potion of might
 G - 3 potions of haste
 I - a potion of brilliance
 V - a potion of heal wounds
Miscellaneous
 d - a box of beasts
 Y - 2 phantom mirrors
Comestibles
 c - 39 rations


   Skills:
 - Level 10.0 Fighting
 - Level 5.0 Maces & Flails
 - Level 14.0 Crossbows
 - Level 5.0 Armour
 - Level 8.0 Dodging
 - Level 4.0 Stealth
   Level 4.0 Shields
 - Level 4.0 Spellcasting
 + Level 7.1 Hexes
 - Level 10.0 Invocations
 - Level 10.9 Evocations


You had 11 spell levels left.
You knew the following spells:

 Your Spells              Type           Power        Failure   Level  Hunger
a - Corona                Hex            ####...      1%          1    None
b - Slow                  Hex            ####....     1%          2    ##.....
c - Portal Projectile     Hex/Tloc       ##....       12%         3    ###....
d - Cause Fear            Hex            ####......   9%          4    ####...

Your spell library contained the following spells:

 Spells                   Type           Power        Failure   Level  Hunger
 Dazzling Flash           Conj/Hex       ##....       12%         3    ###....
 Inner Flame              Hex/Fire       ##......     12%         3    ###....
 Beastly Appendage        Tmut           #.....       17%         1    None
 Magic Dart               Conj           #...         17%         1    None
 Searing Ray              Conj           #.....       26%         2    ##.....
 Sticks to Snakes         Tmut           #.......     26%         2    ##.....
 Fulminant Prism          Conj/Hex       ##........   36%         4    ####...
 Leda's Liquefaction      Hex/Erth       ##........   36%         4    ####...
 Spider Form              Tmut/Pois      #.........   45%         3    ###....
 Metabolic Englaciation   Hex/Ice        ##........   73%         5    ######.
 Ice Form                 Ice/Tmut       #.......     86%         4    ####...
 Iskenderun's Mystic Bla  Conj/Tloc      #.......     86%         4    ####...
 Blade Hands              Tmut           #.........   99%         5    ######.
 Freezing Cloud           Conj/Ice/Air   #.........   100%        6    #######
 Ozocubu's Refrigeration  Ice            #.........   100%        6    #######
 Simulacrum               Ice/Necr       #.........   100%        6    #######


Dungeon Overview and Level Annotations

Branches:
Dungeon (11/15)            Temple (1/1) D:5            Lair (4/6) D:11
 Shoals (0/4) Lair:2        Snake (0/4) Lair:2          Orc (0/2) D:10
  IceCv (visited)

Altars:
Ashenzari
Cheibriados
Dithmenos
Elyvilon
Fedhas
Gozag
Hepliaklqana
Kikubaaqudgha
Makhleb
Nemelex Xobeh
Okawaru
Ru
Trog
Uskayaw
Wu Jian
Xom
The Shining One

Shops:
D:7 *   D:10 (

Annotations:
D:10 Erolcha


Innate Abilities, Weirdness & Mutations

You are small and have problems with some larger weapons.
You are carnivorous and can eat meat at any time.


Message History

The polar bear completely misses you. The polar bear misses you.
You block the polar bear's attack. The polar bear bites you!!
* * * LOW HITPOINT WARNING * * *
The polar bear completely misses you.
The polar bear claws you but does no damage.
You barely miss the polar bear.
The polar bear is severely wounded.
The polar bear bites you but does no damage.
The polar bear claws you but does no damage.
You block the polar bear's attack. The polar bear bites you!
* * * LOW HITPOINT WARNING * * *
The polar bear barely misses you. The polar bear completely misses you.
Evoke which item? (* to show all) (? for menu, Esc to quit)
Aiming: Cloud Cone
Press: ? - help, Dir - move target cursor, f - polar bear
Aim: a polar bear (severely wounded, berserk, fast, unusually strong)
You create a blast of flame!
The polar bear is engulfed in blazing flames.
The polar bear bites you!!
You die...

...... ##...P#
#P...# #...##
#....## ##...##
#..(. #.....#
#...#######...##
##..§#.#§###...##
#...§§§#§.......#
##..#.§§h§P.....#
#....#.§@.#...##
#^...#####....P#
#....# #.....#
#..).# ....###
#...## ###...#
.#.( ....# #....
##...# .P##


You could see a polar bear (berserk).

Vanquished Creatures
  A frost giant (IceCv)
  5 hydras
  7 two-headed ogres
  An ogre mage (D:11)
  4 death yaks (IceCv)
  5 black mambas
  An ice statue (IceCv)
  2 rust devils (D:11)
  9 spiny frogs
  2 komodo dragons (Lair:1)
  19 polar bears
  A troll (D:11)
  A queen bee (D:10)
  11 blink frogs
  4 hippogriffs
  A vampire (D:11)
  A water elemental (D:11)
  A basilisk (Lair:2)
  28 yaks
  Eustachio (D:5)
  Grum (D:9)
  2 hungry ghosts
  A steam dragon (D:10)
  An acid dragon (D:11)
  11 water moccasins
  A soldier ant (D:7)
  6 porcupines
  5 orc warriors
  2 ice beasts
  A sky beast (D:10)
  3 black bears
  3 phantoms
  18 ogres
  21 wolves
  3 centaurs
  6 crocodiles
  A big kobold (D:7)
  7 bullfrogs
  A gnoll sergeant (D:10)
  A wyvern zombie (D:11)
  3 scorpions
  24 killer bees
  10 wights
  A howler monkey (D:4)
  4 electric eels
  2 crimson imps
  6 hounds
  A quasit (D:7)
  2 jellies
  2 bullfrog skeletons
  4 orc priests
  9 orc wizards
  4 iguanas
  6 worker ants
  2 ogre zombies (D:11)
  12 gnolls
  10 adders
  A shadow imp (D:10)
  An adder zombie (D:5)
  A worm (D:4)
  A dart slug (D:2)
  9 leopard geckos
  32 orcs
  4 bats
  3 giant cockroaches
  3 goblins
  4 hobgoblins
  22 jackals
  2 quokkas
  3 ball pythons
  6 frilled lizards
  A jackal skeleton (D:5)
  A jackal zombie (D:7)
  12 kobolds
  A leopard gecko skeleton (D:7)
  8 rats
  2 plants (Lair:2)
419 creatures vanquished.

Vanquished Creatures (others)
  A water elemental (D:11)
  A steam dragon (D:11)
  A centaur (D:5)
  A wolf (D:11)
  A hound (D:11)
  A hound skeleton (D:11)
  An orc (D:7)
  3 jackals (D:5)
  2 fungi
  3 plants (Lair:2)
15 creatures vanquished.

Grand Total: 434 creatures vanquished

Notes
Turn   | Place    | Note
-------+----------+-------------------------------------------
     0 | D:1      | tilp the Kobold Arcane Marksman began the quest for the
                  | Orb.
     0 | D:1      | Reached XP level 1. HP: 12/12 MP: 2/2
    66 | D:1      | Reached skill level 3 in Crossbows
    68 | D:1      | Reached XP level 2. HP: 13/16 MP: 3/3
   426 | D:1      | Reached skill level 4 in Crossbows
   426 | D:1      | Reached XP level 3. HP: 20/20 MP: 4/4
   430 | D:1      | Learned a level 2 spell: Slow
   922 | D:2      | Found a shadowy altar of Dithmenos.
  1645 | D:3      | Reached skill level 5 in Crossbows
  1645 | D:3      | Reached XP level 4. HP: 25/25 MP: 5/5
  1691 | D:3      | Found a glowing golden altar of the Shining One.
  2326 | D:3      | Reached XP level 5. HP: 25/29 MP: 6/6
  2759 | D:3      | Found a shattered altar of Ashenzari.
  3230 | D:4      | Got a silken robe
  3231 | D:4      | Identified the +1 robe of the Cities {rElec rF++} (You
                  | found it on level 4 of the Dungeon)
  3354 | D:4      | Reached skill level 6 in Crossbows
  3443 | D:4      | Reached skill level 1 in Shields
  4041 | D:4      | Found a shimmering altar of Xom.
  4041 | D:4      | Found a shimmering altar of Xom.
  4044 | D:4      | Found a shimmering altar of Xom.
  4364 | D:4      | Found a shimmering altar of Xom.
  4367 | D:4      | Found a shimmering altar of Xom.
  4369 | D:4      | Found a shimmering altar of Xom.
  4370 | D:4      | Found a shimmering altar of Xom.
  4531 | D:5      | Entered Level 5 of the Dungeon
  4531 | D:5      | Noticed Eustachio
  4553 | D:5      | Noticed a centaur
  4884 | D:5      | HP: 1/29 [iron imp[Eustachio] (6)]
  4938 | D:5      | Killed Eustachio
  4938 | D:5      | Reached XP level 6. HP: 18/34 MP: 5/7
  5167 | D:5      | Found a hazy altar of Hepliaklqana.
  5221 | D:5      | Reached XP level 7. HP: 33/38 MP: 8/8
  5675 | D:5      | Found a snail-covered altar of Cheibriados.
  6209 | D:5      | Found a staircase to the Ecumenical Temple.
  6218 | Temple   | Entered the Ecumenical Temple
  6225 | Temple   | Became a worshipper of Warmaster Okawaru
  6334 | D:5      | Learned a level 3 spell: Portal Projectile
  6348 | D:6      | Reached XP level 8. HP: 48/48 MP: 9/11
  6790 | D:6      | Reached skill level 5 in Hexes
  7299 | D:6      | Reached * piety under Okawaru
  7385 | D:6      | Found an ornate altar of the Wu Jian Council.
  7918 | D:6      | Reached skill level 1 in Invocations
  8494 | D:7      | Reached XP level 9. HP: 52/52 MP: 12/12
  8529 | D:7      | Reached skill level 5 in Invocations
  8694 | D:7      | Reached skill level 1 in Evocations
  8700 | D:7      | Reached ** piety under Okawaru
  8985 | D:7      | Found a burning altar of Makhleb.
  9222 | D:7      | Found Georoag's Assorted Antiques.
  9261 | D:7      | Found a blossoming altar of Fedhas.
  9469 | D:7      | Found an ancient bone altar of Kikubaaqudgha.
  9512 | D:8      | Found a snail-covered altar of Cheibriados.
  9521 | D:8      | Reached skill level 5 in Evocations
 10315 | D:9      | Got a wizard robe
 10371 | D:9      | Noticed Grum
 10388 | D:9      | Reached XP level 10. HP: 20/56 MP: 14/16
 10394 | D:9      | Reached *** piety under Okawaru
 10405 | D:9      | Killed Grum
 10633 | D:9      | Noticed a two-headed ogre
 11182 | D:9      | Reached skill level 10 in Evocations
 11808 | D:10     | Entered Level 10 of the Dungeon
 12269 | D:10     | Found a staircase to the Orcish Mines.
 12392 | D:10     | Found Hici's Weapon Shoppe.
 12580 | D:10     | Reached skill level 1 in Stealth
 12777 | D:10     | Bought the cursed +1 hand crossbow of Patterns {penet,
                  | rPois} for 306 gold pieces
 13183 | D:10     | Noticed a two-headed ogre
 13204 | D:10     | Killed a two-headed ogre
 13204 | D:10     | Received a gift from Okawaru
 13204 | D:10     | Reached skill level 5 in Fighting
 13276 | D:10     | Identified the +2 robe of the Seventy-Seven Mice {+Fly rF-
                  | rC++ Int+3} (You found it on level 9 of the Dungeon)
 13568 | D:10     | Reached XP level 11. HP: 61/64 MP: 19/19
 13638 | D:10     | Reached skill level 5 in Dodging
 13654 | D:10     | Reached **** piety under Okawaru
 14030 | D:10     | Noticed Erolcha
 14072 | D:10     | Got a polished flail
 14403 | D:10     | Reached skill level 7 in Crossbows
 14797 | D:11     | Found a flickering gateway to a bazaar.
 14801 | D:11     | Found a frozen archway.
 14810 | D:11     | Received a gift from Okawaru
 14856 | Bazaar   | Entered a bazaar
 15150 | Bazaar   | Found Yqaystup's Weapon Emporium.
 15152 | Bazaar   | Found Liyrhina's Jewellery Shop.
 15188 | Bazaar   | Found Digic's Assorted Antiques.
 15196 | Bazaar   | Found Xelauwk's Weapon Boutique.
 15263 | Bazaar   | Bought an inky potion for 33 gold pieces
 15263 | Bazaar   | Bought a scroll labeled KOTEEST UDUCOS for 37 gold pieces
 15263 | Bazaar   | Bought a dyed leather armour for 185 gold pieces
 15394 | IceCv    | Entered an ice cave
 15470 | IceCv    | Reached skill level 8 in Crossbows
 15993 | IceCv    | Reached skill level 9 in Crossbows
 16102 | IceCv    | Noticed a death yak
 16114 | IceCv    | Received a gift from Okawaru
 16133 | IceCv    | Killed a death yak
 16133 | IceCv    | Reached skill level 10 in Crossbows
 16336 | IceCv    | Reached skill level 1 in Maces & Flails
 16507 | IceCv    | Received a gift from Okawaru
 16824 | IceCv    | Received a gift from Okawaru
 16847 | IceCv    | Reached ***** piety under Okawaru
 16847 | IceCv    | Reached skill level 5 in Maces & Flails
 16931 | IceCv    | Reached XP level 12. HP: 16/70 MP: 20/20
 18565 | IceCv    | Noticed a death yak
 18687 | IceCv    | Received a gift from Okawaru
 18691 | IceCv    | Killed a death yak
 19047 | IceCv    | Noticed a death yak
 19047 | IceCv    | Noticed a frost giant
 19047 | IceCv    | Noticed a death yak
 19057 | IceCv    | Killed a death yak
 19061 | IceCv    | Killed a death yak
 19061 | IceCv    | Received a gift from Okawaru
 19061 | IceCv    | Reached skill level 10 in Fighting
 19073 | IceCv    | Killed a frost giant
 19073 | IceCv    | Received a gift from Okawaru
 19359 | IceCv    | Got a pitted bone ring
 19366 | IceCv    | Got a crystal long sword
 19683 | D:11     | Received a gift from Okawaru
 19709 | D:11     | Identified the ring "Gurudify" {*Corrode rPois MR+ Dex+2
                  | Stlth+} (You found it in an ice cave)
 19775 | D:11     | Found a staircase to the Lair.
 20033 | D:11     | Reached XP level 13. HP: 70/82 MP: 21/21
 20204 | D:11     | Reached skill level 10 in Invocations
 20806 | D:11     | Reached skill level 11 in Crossbows
 21296 | D:11     | Received a gift from Okawaru
 21557 | D:11     | Received a gift from Okawaru
 21557 | D:11     | Reached skill level 12 in Crossbows
 21581 | D:11     | Reached ****** piety under Okawaru
 22433 | Lair:1   | Entered Level 1 of the Lair of Beasts
 22525 | Lair:1   | Reached skill level 13 in Crossbows
 22533 | Lair:1   | Received a gift from Okawaru
 22628 | Lair:1   | Noticed a six-headed hydra
 22636 | Lair:1   | Killed a six-headed hydra
 23226 | Lair:1   | Received a gift from Okawaru
 23231 | Lair:1   | Reached skill level 14 in Crossbows
 23431 | Lair:1   | Reached skill level 1 in Armour
 24083 | Lair:2   | Found a staircase to the Shoals.
 24182 | Lair:2   | Learned a level 4 spell: Cause Fear
 24409 | Lair:2   | Found a staircase to the Snake Pit.
 24440 | Lair:2   | Reached XP level 14. HP: 88/88 MP: 22/22
 25250 | Lair:2   | Identified a scroll of acquirement
 25250 | Lair:2   | Identified the +5 crystal plate armour of Qeism {rElec
                  | SInv} (You acquired it on level 2 of the Lair of Beasts)
 25250 | Lair:2   | Identified the amulet "Sech" {Harm *Drain +Blink Slay+3}
                  | (You acquired it on level 2 of the Lair of Beasts)
 25250 | Lair:2   | Identified the +2 triple crossbow of Padan {elec, rF++
                  | Str-4} (You acquired it on level 2 of the Lair of Beasts)
 25933 | Lair:3   | Identified the +3 flail "Bidweut" {holy, rC+} (You found it
                  | on level 10 of the Dungeon)
 26292 | Lair:3   | Reached skill level 5 in Armour
 27805 | Lair:4   | Received a gift from Okawaru
 27833 | Lair:4   | Demolished by a polar bear

Levels and vault maps discovered:
D:1:      dpeg_arrival_simpleton_a, layout_basic, serial_bayou_pond_d
D:2:      layout_loops_corners, nicolae_dithmenos_through_a_glass_darkly
D:3:      layout_basic, old_standard_altar, lemuel_crystal_altar, first_ration
D:4:      layout_basic, xom_redecorated
D:5:      layout_rooms, lemuel_crystal_altar, lemuel_coloured_pillars_altar,
          lemuel_temple_firewalk_a, uniq_eustachio
D:6:      layout_loops_cross, old_standard_altar
D:7:      layout_cave_pools, kiku_gazebo_pond_becter, bloody_makhleb,
          serial_shops, shop, minmay_ruined_shrine
D:8:      layout_basic, basic_altar
D:9:      layout_roguey, uniq_grum
D:10:     cheibrodos_iron_armory, layout_stronghold, orc_david_3,
          david_nohive_1, uniq_erolcha
D:11:     lemuel_ogre_cave, layout_rooms, erik_lair_island,
          portal_ice_cave_entry_pillars_2, serial_shops, freezing_bzr
Temple:   cyrus_circular_temple
Lair:1:   layout_cave_pods, serial_bayou_pond_e, beast_lair_carwin_1,
          grunt_megastairs_2, lemuel_fruit_tree
Lair:2:   layout_gridlike, elwin_shoals_entry_rocks,
          minmay_snake_entry_six_corridors, serial_bayou_lagoon_b
Lair:3:   beast_lair_carwin_large_2, layout_hall_layers
Lair:4:   layout_concentric_octagons

Skill      XL: |  1  2  3  4  5  6  7  8  9 10 11 12 13 14 |
---------------+-------------------------------------------+-----
Crossbows      | 3 4 5 6 10 14 | 14.0
Shields        | 3 4 |  4.0
Fighting       | 4 5 6 10 | 10.0
Spellcasting   | 2 4 |  4.0
Hexes          | 6 7 |  7.1
Invocations    | 4 6 9 10 | 10.0
Evocations     | 8 10 | 10.9
Stealth        | 4 |  4.0
Dodging        | 4 6 7 8 |  8.0
Maces & Flails | 5 |  5.0
Armour         | 2 5 |  5.0

Action                   |  1- 3 |  4- 6 |  7- 9 | 10-12 | 13-15 || total
-------------------------+-------+-------+-------+-------+-------++-------
Melee: Spear             |    46 |       |       |       |       ||    46
       Whip              |       |   149 |    37 |       |       ||   186
       Falchion          |       |     9 |   143 |       |       ||   152
       Morningstar       |       |       |   217 |   686 |   260 ||  1163
       Punch             |       |       |       |       |     3 ||     3
 Fire: Hand crossbow     |    48 |    31 |    39 |    95 |       ||   213
       Arbalest          |       |       |       |       |   267 ||   267
Throw: Dart              |       |    10 |    48 |    79 |    43 ||   180
       Boomerang         |       |       |       |       |     2 ||     2
 Cast: Corona            |     1 |    13 |     3 |     2 |     2 ||    21
       Slow              |       |       |       |     4 |     1 ||     5
Invok: Heroism           |       |       |     4 |    10 |     4 ||    18
       Finesse           |       |       |       |     1 |       ||     1
Evoke: Wand              |       |       |     1 |    23 |    11 ||    35
  Use: Scroll            |     2 |     9 |     7 |    10 |    11 ||    39
       Potion            |       |     3 |     1 |     3 |     1 ||     8
 Stab: Distracted        |       |     1 |     1 |     1 |     2 ||     5
       Sleeping          |       |       |       |     5 |     1 ||     6
  Eat: Chunk             |    11 |     9 |    27 |    35 |    23 ||   105
       Ration            |       |       |     1 |       |       ||     1
Armor: Leather armour    |    12 |    10 |       |       |       ||    22
       Robe              |       |    17 |    94 |   158 |    55 ||   324
       Skin              |       |       |    15 |       |       ||    15
Dodge: Dodged            |    43 |   124 |   264 |   680 |   470 ||  1581
       Repelled          |       |       |     6 |       |       ||     6
Block: Other             |       |    10 |     4 |       |    70 ||    84
       Buckler           |       |       |   274 |   530 |    34 ||   838
       Reflection        |       |       |    20 |     2 |       ||    22
       Rpst.: Falchion   |       |       |    18 |       |       ||    18

Table legend:
 A = Non-vault XP
 B = Vault XP
 C = Vault XP percentage of total XP
 D = Non-vault monster count
 E = Vault monster count
 F = Vault count percentage of total count
                 A         B        C        D         E       F
            +---------+---------+-------+---------+---------+-------
      Total |   23257 |   34547 |  59.8 |     267 |     152 |  36.3
            +---------+---------+-------+---------+---------+-------
        D:1 |      34 |       0 |   0.0 |      18 |       0 |   0.0
        D:2 |      16 |       0 |   0.0 |       9 |       0 |   0.0
        D:3 |      98 |       0 |   0.0 |      23 |       0 |   0.0
        D:4 |     112 |       0 |   0.0 |      14 |       0 |   0.0
        D:5 |     570 |     196 |  25.6 |      25 |       1 |   3.8
        D:6 |     646 |       0 |   0.0 |      13 |       0 |   0.0
        D:7 |     868 |     365 |  29.6 |      24 |       7 |  22.6
        D:8 |     837 |       0 |   0.0 |      18 |       0 |   0.0
        D:9 |     764 |     798 |  51.1 |      19 |       6 |  24.0
       D:10 |    2509 |    1377 |  35.4 |      29 |      21 |  42.0
       D:11 |    1591 |    9090 |  85.1 |      20 |      31 |  60.8
     Lair:1 |    4240 |    3083 |  42.1 |      16 |       9 |  36.0
     Lair:2 |    2576 |    2788 |  52.0 |      13 |      17 |  56.7
     Lair:3 |    5777 |    1429 |  19.8 |      21 |       6 |  22.2
     Lair:4 |    2619 |       0 |   0.0 |       5 |       0 |   0.0
      IceCv |       0 |   15421 | 100.0 |       0 |      54 | 100.0
            +---------+---------+-------+---------+---------+-------
